 Dungeon Crawl Stone Soup version 0.17-a0-1564-g7b572aa (webtiles) character file.

179 urechis the Ruffian (level 5, -1/50 HPs)
             Began as a Troll Monk on July 21, 2015.
             Slain by a gnoll
             ... wielding a +0 halberd
              (11 damage)
             ... on level 3 of the Dungeon.
             The game lasted 00:02:32 (1715 turns).

urechis the Ruffian (Troll Monk)                    Turns: 1715, Time: 00:02:32

Health: -1/50      AC:  6    Str: 20    XL:     5   Next: 32%
Magic:  4/4        EV: 10    Int:  6    God:
Gold:   40         SH:  0    Dex: 12    Spells: 0 memorised, 4 levels left

rFire  . . .     SeeInvis .       - Unarmed
rCold  . . .     Clarity  .     a - +0 robe
rNeg   . . .     SustAt   .     (no shield)
rPois  .         Gourm    +     (helmet restricted)
rElec  .         Spirit   .     g - +0 cloak
rCorr  .         Warding  .     (gloves unavailable)
rMut   .         Stasis   .     (boots unavailable)
MR     .....                    (no amulet)
Stlth  +.........               (no ring)
                                (no ring)

@: not resistant to hostile enchantments, very unstealthy
A: unfitting armour, claws 3, fast metabolism 3, gourmand, regeneration 2,
shaggy fur 1, tough skin 2
a: no special abilities


You were on level 3 of the Dungeon.
You were not hungry.

You visited 1 branch of the dungeon, and saw 3 of its levels.

You collected 40 gold pieces.

Inventory:

Missiles
 j - 29 poisoned needles
 p - 2 needles of paralysis
Armour
 a - a +0 robe (worn)
 g - a +0 cloak (worn)
Magical devices
 t - a wand of flame (29)
Scrolls
 d - 2 scrolls of identify {unknown}
 e - a scroll of noise {unknown}
 k - a scroll of teleportation {unknown}
 m - 3 scrolls of fog {unknown}
 u - a scroll of remove curse {unknown}
 v - a scroll of enchant weapon {unknown}
Potions
 c - 2 potions of might {unknown}
 i - 2 potions of heal wounds {unknown}
 n - a potion of flight {unknown}
 o - a potion of lignification {unknown}
 q - 2 potions of curing {unknown}
 s - a potion of mutation {unknown}
Comestibles
 b - 2 bread rations
 f - a meat ration
 h - a slice of pizza
 l - 3 fruits
 r - 3 beef jerkies


   Skills:
 - Level 2.4 Fighting
 - Level 2.4 Dodging
 - Level 1.1 Stealth
 + Level 6.6 Unarmed Combat


You had 4 spell levels left.
You didn't know any spells.

Dungeon Overview and Level Annotations

Branches:
Dungeon (3/15)

Altars:
Fedhas
Gozag
Okawaru
Qazlal


Innate Abilities, Weirdness & Mutations

You are too large for most types of armour.
You have claws for hands.
Your metabolism is lightning-fast.
You like to eat raw meat.
You heal very quickly.
You are covered in fur (AC +1).
You have very tough skin (AC +2).


Message History

The giant cockroach zombie bites you but does no damage.
The gnoll closely misses you. x2
You barely miss the gnoll.
The gnoll is almost dead.
The giant cockroach zombie bites you but does no damage.
The gnoll hits you from afar with a halberd.
The gnoll closely misses you.
You closely miss the gnoll.
The gnoll is almost dead.
The giant cockroach zombie bites you but does no damage.
The adder completely misses you.
The gnoll hits you from afar with a halberd!
* * * LOW HITPOINT WARNING * * *
You are too injured to fight recklessly!
You are too injured to fight recklessly!
You scratch the giant cockroach zombie. The gnoll barely misses you.
The adder closely misses you.
The giant cockroach zombie barely misses you.
The gnoll hits you from afar with a halberd!
You die...

#.#.# ...# # (.. ...# .#
..... #..##.# ...#
#.....# #...# #...#.####
###...# #gZg......
......# #S...# ....#
#@#..# ....# ####.#.>###
....#########...........
..................#.#.##
.....########.##........
.....'................##
.....#######..##..#.#...
...†.+............#.# ##
#...[#######.........


You could see 2 gnolls, an adder and a giant cockroach zombie.

Vanquished Creatures
  An ice beast (D:3)
  A gnoll (D:3)
  4 adders
  3 oozes
  9 bats
  2 giant cockroaches
  4 goblins (D:1)
  7 hobgoblins
  5 kobolds
  A quokka (D:3)
  2 giant geckos (D:2)
  2 giant newts (D:1)
  5 rats
46 creatures vanquished.

Vanquished Creatures (others)
  An adder (D:2)
  A bat (D:2)
  A kobold (D:2)
3 creatures vanquished.

Grand Total: 49 creatures vanquished

Notes
Turn   | Place    | Note
--------------------------------------------------------------
     0 | D:1      | urechis the Troll Monk began the quest for the Orb.
     0 | D:1      | Reached XP level 1. HP: 22/22 MP: 0/0
   327 | D:1      | Reached XP level 2. HP: 27/29 MP: 1/1
  1021 | D:2      | Reached skill level 5 in Unarmed Combat
  1021 | D:2      | Reached XP level 3. HP: 36/36 MP: 2/2
  1052 | D:2      | Found an opulent altar of Gozag.
  1066 | D:2      | Found a stormy altar of Qazlal.
  1219 | D:2      | Found an iron altar of Okawaru.
  1427 | D:3      | Reached XP level 4. HP: 44/44 MP: 3/3
  1652 | D:3      | Noticed an ice beast
  1654 | D:3      | Found a blossoming altar of Fedhas.
  1659 | D:3      | Killed an ice beast
  1659 | D:3      | Reached skill level 6 in Unarmed Combat
  1659 | D:3      | Reached XP level 5. HP: 34/50 MP: 4/4
  1715 | D:3      | Slain by a gnoll

Vault maps used:
D:1:      dpeg_arrival_rooms_a, minmay_tree_intersection
D:2:      okawaru_gym_becter, nicolae_qazlal_general_emergency,
          grunt_gozag_statues, lemuel_flame_loot_1
D:3:      overflow_temple_1_default, ecumenical_altar_2, corexii_shack

Action                   |  1- 3 |  4- 6 || total
-------------------------+-------+-------++-------
Melee: Unarmed           |    80 |    39 ||   119
 Stab: Sleeping          |     4 |     1 ||     5
       Distracted        |     1 |       ||     1
  Eat: Chunk             |    11 |     2 ||    13
